 Dungeon Crawl Stone Soup version 0.18-a0-1800-gdc7a371 (webtiles) character file.

8048 Murumi the Carver (level 11, -6/82 HPs)
             Began as a Formicid Abyssal Knight on Apr 24, 2016.
             Was a High Priest of Lugonu.
             Killed by Ozocubu's Refrigeration
             ... invoked by Fannar
              (15 damage)
             ... on level 10 of the Dungeon.
             The game lasted 01:14:20 (12375 turns).

Murumi the Carver (Formicid Abyssal Knight)        Turns: 12375, Time: 01:14:21

Health: -6/82      AC: 22    Str: 19    XL:     11   Next: 48%
Magic:  16/16      EV:  6    Int: 13    God:    Lugonu [*****.]
Gold:   440        SH:  6    Dex: 10    Spells: 0 memorised, 10 levels left

rFire  . . .     SeeInvis +     e - +0 long sword
rCold  . . .     Gourm    .     i - +0 plate armour
rNeg   . . .     Faith    .     u - +1 buckler {AC+3}
rPois  .         Spirit   .     (helmet unavailable)
rElec  .         Dismiss  .     v - +2 cloak {+Inv}
rCorr  +         Reflect  .     (no gloves)
SustAt .         Harm     .     (no boots)
MR     +....                    (no amulet)
Stlth  ..........               t - ring of resist corrosion
                                p - +3 ring of protection

@: very slightly contaminated, somewhat resistant to hostile enchantments,
extremely unstealthy
A: permanent stasis, dig shafts and tunnels, four strong arms, antennae 3
a: Dig, Shaft Self, Depart the Abyss, Bend Space, Banish, Corrupt, Enter the
Abyss, Renounce Religion, Evoke Invisibility


You were on level 10 of the Dungeon.
You worshipped Lugonu.
Lugonu was extremely pleased with you.
You were near starving.

You visited 2 branches of the dungeon, and saw 11 of its levels.
You visited the Abyss 1 time.

You collected 485 gold pieces.
You spent 45 gold pieces at shops.

Inventory:

Hand Weapons
 e - a +0 long sword (weapon)
 f - a +0 hand crossbow
Missiles
 n - 50 bolts
Armour
 i - a +0 plate armour (worn)
 u - a +1 buckler of protection (worn)
 v - a +2 cloak of invisibility (worn)
Jewellery
 p - a +3 ring of protection (left hand)
 t - a ring of resist corrosion (right hand)
Wands
 d - a wand of teleportation (7/9)
 r - a wand of teleportation (2/9)
Scrolls
 b - 2 scrolls of fear
 l - 4 scrolls of enchant armour
 q - a scroll of remove curse
 x - a scroll of magic mapping
Potions
 a - a potion of ambrosia
 g - 5 potions of curing
 k - a potion of cure mutation {unknown}
 m - a potion of flight
 A - a potion of magic
 B - 2 potions of heal wounds
Miscellaneous
 w - a plain deck of defence {the Cloud}
Comestibles
 c - 5 bread rations
 j - a meat ration
 o - a royal jelly


   Skills:
 - Level 6.3 Fighting
 - Level 10.0 Long Blades
 + Level 8.6 Crossbows
 - Level 6.0 Armour
 - Level 1.0 Dodging
 - Level 7.4 Shields
 - Level 7.0 Invocations


You had 10 spell levels left.
You didn't know any spells.

Dungeon Overview and Level Annotations

Branches:
Dungeon (10/15)            Temple (1/1) D:6            Lair (0/8) D:8
    Orc: D:9-12

Altars:
Ashenzari
Cheibriados
Dithmenos
Elyvilon
Fedhas
Gozag
Kikubaaqudgha
Makhleb
Nemelex Xobeh
Okawaru
Pakellas
Qazlal
Ru
Sif Muna
Trog
Vehumet
Xom
Yredelemnul
Zin
The Shining One

Shops:
D:7 *

Annotations:
D:5 2 runed doors
D:10 Fannar


Innate Abilities, Weirdness & Mutations

You are under a permanent stasis effect.
You can dig through walls and to a lower floor.
Your four strong arms can wield two-handed weapons with a shield.
You have a pair of large antennae on your head (SInv).


Message History

The ice beast is moderately wounded.
The ice beast hits you but does no damage.
You slash the ice beast!
The ice beast is almost dead.
The ice beast hits you but does no damage.
You hit the ice beast.
You kill the ice beast!
You slash Fannar!
Fannar is lightly wounded.
Fannar casts a spell.
Fannar points at you and mumbles some strange words.
The bolt of cold hits you!
* * * LOW HITPOINT WARNING * * *
The ice beast hits you but does no damage.
You extend your mandibles.
You dig through the rock wall.
Fannar casts a spell.
Fannar drains the heat from the surrounding environment!
You feel very cold.
You die...

#........ #.....
#<.# #.....
#.$....Y.... #.....
###.c.##.###
#..##.### #.Z.. #
#.#####.≈# ...
#...##
#...)....###.# ###..
####.##†...#)#####.#
##
##.Ye###..).(....(
#.#####@##.#
#.#.#####.#
#.#...####.###.#.#
#.#............#.#
#.#...####.###†#.#
#####.##>##
#.###.#.#
#..........###
#.##<...#
#.#####......#
#.......# #.#
#..###.###..#...##
#.# #..#
#......##.##


You could see Fannar and an ice beast.

Vanquished Creatures
  Pikel (D:7)
  Joseph (D:7)
  Psyche (D:10)
  Sigmund (D:5)
  A wyvern (D:8)
  10 yaks
  2 hungry ghosts
  A wasp (D:10)
  An ice beast (D:8)
  A necrophage (D:9)
  4 sky beasts
  2 black bears
  2 orc warriors
  An ogre (D:8)
  The ghost of Murumi the Slasher, an amateur FoAK of Lugonu (D:3)
  A phantom (D:7)
  3 centaurs
  A crocodile (D:7)
  2 big kobolds
  10 giant frogs
  A wyvern skeleton (D:10)
  A water moccasin skeleton (D:6)
  3 scorpions
  7 killer bees (D:10)
  3 wights (D:8)
  3 howler monkeys
  4 crimson imps
  A giant frog zombie (D:6)
  A centaur zombie (D:7)
  4 quasits
  A giant frog skeleton (D:5)
  2 orc priests (D:9)
  3 hounds
  3 orc wizards
  3 centaur skeletons
  3 iguanas
  5 worker ants
  A hound zombie (D:8)
  2 worker ant zombies (D:7)
  8 adders
  An adder zombie (D:5)
  4 adder skeletons
  5 dart slugs
  6 giant geckos
  29 orcs
  6 giant cockroaches
  7 goblins
  8 hobgoblins
  14 jackals
  3 quokkas
  A ball python skeleton (D:4)
  10 bats
  10 giant newts
  12 kobolds
  3 quokka skeletons
  A quokka zombie (D:6)
  12 rats
  A plant (D:1)
239 creatures vanquished.

Vanquished Creatures (others)
  The ghost of Conn321 the Destroyer, a journeyman OpCj of Sif Muna (D:9)
  A hill giant (D:10)
  An orc warrior (D:6)
  2 ice beasts (D:5)
  2 slaves (D:7)
  A giant frog (D:7)
  An adder zombie (D:7)
  4 fulminant prisms (D:9)
  5 plants (D:10)
18 creatures vanquished.

Grand Total: 257 creatures vanquished

Notes
Turn   | Place    | Note
--------------------------------------------------------------
     0 | Abyss:1  | Murumi the Formicid Abyssal Knight began the quest for the Orb.
     0 | Abyss:1  | Reached XP level 1. HP: 18/18 MP: 2/2
     4 | Abyss:1  | Found a radiant altar of Vehumet.
    13 | D:1      | Escaped the Abyss
    61 | D:1      | Reached skill level 1 in Dodging
   128 | D:1      | Reached XP level 2. HP: 17/24 MP: 3/3
   409 | D:1      | Reached skill level 3 in Long Blades
   429 | D:1      | Reached ** piety under Lugonu
   612 | D:1      | Reached XP level 3. HP: 29/29 MP: 4/4
  1494 | D:2      | Found a snail-covered altar of Cheibriados.
  1531 | D:2      | Reached XP level 4. HP: 35/35 MP: 5/5
  1537 | D:2      | Reached skill level 4 in Long Blades
  2180 | D:3      | Noticed Murumi's ghost (amateur FoAK)
  2382 | D:3      | Found a faded altar to an unknown god.
  2572 | D:3      | Reached XP level 5. HP: 30/41 MP: 5/7
  2890 | D:3      | Killed Murumi's ghost
  2890 | D:3      | Reached *** piety under Lugonu
  2890 | D:3      | Reached skill level 5 in Long Blades
  3099 | D:3      | Reached XP level 6. HP: 36/47 MP: 8/8
  3741 | D:4      | Found a shattered altar of Ashenzari.
  4063 | D:5      | Entered Level 5 of the Dungeon
  4110 | D:5      | Noticed an ice beast
  4111 | D:5      | Noticed Sigmund
  4580 | D:5      | Found a shadowy altar of Dithmenos.
  4612 | D:5      | Killed Sigmund
  4612 | D:5      | Reached skill level 5 in Invocations
  4612 | D:5      | Reached XP level 7. HP: 32/52 MP: 8/11
  5225 | D:5      | Found a large runed door.
  5225 | D:5      | Found a large runed door.
  5557 | D:5      | Reached XP level 8. HP: 17/58 MP: 13/13
  5810 | D:5      | Reached skill level 6 in Long Blades
  5826 | D:5      | Noticed a yak
  5843 | D:5      | Killed a yak
  6040 | D:5      | Identified Uwki Hie's Grimoire of the Voyage
  6069 | D:5      | Found a large runed door.
  6069 | D:5      | Found a large runed door.
  6093 | D:5      | Reached skill level 5 in Fighting
  6795 | D:6      | Found a staircase to the Ecumenical Temple.
  6805 | Temple   | Entered the Ecumenical Temple
  7181 | D:6      | Reached XP level 9. HP: 59/68 MP: 14/14
  7457 | D:6      | Reached skill level 7 in Long Blades
  7696 | D:7      | Found a white marble altar of Elyvilon.
  7708 | D:7      | Reached **** piety under Lugonu
  7770 | D:7      | Noticed Pikel
  7796 | D:7      | Killed Pikel
  7799 | D:7      | Found a sparkling altar of Nemelex Xobeh.
  8082 | D:7      | Found Yshural's General Store.
  8093 | D:7      | Bought a scroll of magic mapping for 45 gold pieces
  8191 | D:7      | Noticed Joseph
  8213 | D:7      | Killed Joseph
  8213 | D:7      | Reached skill level 8 in Long Blades
  8454 | D:7      | Reached skill level 5 in Armour
  8520 | D:7      | Reached XP level 10. HP: 74/74 MP: 15/15
  8545 | D:7      | Found an oddly glowing altar of Pakellas.
  8747 | D:8      | Reached skill level 9 in Long Blades
  8883 | D:8      | Found a glowing silver altar of Zin.
  8883 | D:8      | Found a basalt altar of Yredelemnul.
  8986 | D:8      | Found a staircase to the Lair.
  9455 | D:9      | Noticed Conn321's ghost (journeyman OpCj)
 10218 | D:9      | Reached skill level 10 in Long Blades
 10317 | D:9      | Reached skill level 1 in Crossbows
 10476 | D:9      | Killed Conn321's ghost
 11165 | D:9      | Found a stormy altar of Qazlal.
 11172 | D:9      | Found a blossoming altar of Fedhas.
 11350 | D:10     | Entered Level 10 of the Dungeon
 11410 | D:9      | Reached XP level 11. HP: 82/82 MP: 16/16
 11417 | D:9      | Reached skill level 5 in Crossbows
 11536 | D:10     | Reached ***** piety under Lugonu
 11860 | D:10     | Noticed Psyche
 11861 | D:10     | Noticed a hill giant
 11882 | D:10     | Killed Psyche
 11929 | D:10     | Banished a hill giant
 12192 | D:10     | HP: 4/82 [wasp (8)]
 12296 | D:10     | Noticed Fannar
 12375 | D:10     | Killed from afar by Fannar

Vault maps used:
D:1:      denvon_arrival_planthouse, fountainhead
D:2:      lemuel_crystal_altar
D:3:      ecumenical_altar_2, hex_tiny
D:4:      ashenzari_altar_1
D:5:      lemuel_doored_altar, first_bread, minmay_hollow_rounded_squares,
          uniq_sigmund
D:6:      minmay_temple_entry_statues_fountains
D:7:      johnstein_pakellas_dig, nemelex_deck, serial_shops, shop,
          elyvilon_altar_1, uniq_joseph, uniq_pikel
D:8:      gammafunk_temple_overflow_elements, lair_0_dummy
D:9:      grunt_temple_overflow_forces_of_nature
D:10:     serial_shops, nicolae_shop_overgrown_old_shop, uniq_fannar,
          uniq_psyche
Temple:   eino_temple_water_12

Skill      XL: |  1  2  3  4  5  6  7  8  9 10 11 |
---------------+----------------------------------+-----
Dodging        | 1 |  1.0
Long Blades    | 3 4 5 6 8 10 | 10.0
Invocations    | 3 5 7 |  7.0
Armour         | 3 4 5 6 |  6.0
Fighting       | 5 6 |  6.3
Shields        | 4 7 |  7.4
Crossbows      | 4 8 |  8.6

Action                   |  1- 3 |  4- 6 |  7- 9 | 10-12 || total
-------------------------+-------+-------+-------+-------++-------
Melee: Falchion          |   153 |   159 |   476 |   593 ||  1381
       Long sword        |       |    96 |   130 |   273 ||   499
Invok: Banish            |       |       |     4 |     1 ||     5
       Bend Space        |       |       |     1 |       ||     1
 Abil: Dig               |     1 |     2 |     4 |     5 ||    12
       Evoke Invisibilit |       |       |       |     2 ||     2
  Use: Scroll            |     2 |     8 |     8 |     6 ||    24
       Potion            |       |     2 |     2 |     7 ||    11
 Stab: Invisible         |       |       |       |     5 ||     5
  Eat: Chunk             |     2 |     8 |    15 |    16 ||    41
       Beef jerky        |       |     1 |       |     1 ||     2
       Fruit             |       |       |     1 |     3 ||     4
       Pizza             |       |       |       |     2 ||     2
       Meat ration       |       |       |       |     3 ||     3
Armor: Leather armour    |    21 |       |       |       ||    21
       Chain mail        |    29 |    89 |       |       ||   118
       Skin              |       |    34 |       |    45 ||    79
       Plate armour      |       |    75 |   384 |   462 ||   921
Dodge: Dodged            |    68 |    94 |   107 |   197 ||   466
Block: Buckler           |       |       |    64 |   225 ||   289
